 Dungeon Crawl Stone Soup version 0.22.0-6-g71bd7aa (webtiles) character file.

94 Lew the Chopper (level 4, -1/28 HPs)
             Began as a Gargoyle Fighter on Aug 14, 2018.
             Killed by divine providence
             ... invoked by an orc priest
              (12 damage)
             ... on level 3 of the Dungeon.
             The game lasted 00:04:27 (1539 turns).

Lew the Chopper (Gargoyle Fighter)                  Turns: 1539, Time: 00:04:28

Health: -1/28      AC: 10    Str: 19    XL:     4   Next: 63%
Magic:  4/4        EV:  7    Int:  9    God:
Gold:   47         SH:  9    Dex: 10    Spells: 3/3 levels left

rFire    . . .     SeeInvis .   a - +0 war axe
rCold    . . .     Gourm    .   c - +0 shield
rNeg     + . .     Faith    .   b - +0 scale mail
rPois    ∞         Spirit   .   (no helmet)
rElec    +         Reflect  .   (no cloak)
rCorr    .         Harm     .   (no gloves)
MR       .....                  (no boots)
Stlth    ..........             (no amulet)
HPRegen  0.09/turn              (no ring)
MPRegen  0.09/turn              (no ring)

@: no status effects
A: negative energy resistance 1, electricity resistance, unbreathing,
petrification resistance, rot immunity, AC +3
a: no special abilities


You were on level 3 of the Dungeon.
You were not hungry.

You visited 1 branch of the dungeon, and saw 3 of its levels.

You collected 47 gold pieces.

Inventory:

Hand Weapons
 a - a +0 war axe (weapon)
Armour
 b - a +0 scale mail (worn)
 c - a +0 shield (worn)
Jewellery
 m - an uncursed ring of flight {unknown}
Scrolls
 g - a scroll of blinking {unknown}
 n - 3 scrolls of fear {unknown}
 o - 3 scrolls of identify {unknown}
 p - a scroll of amnesia {unknown}
 q - a scroll of enchant armour {unknown}
Potions
 d - a potion of might
 e - 2 potions of agility {unknown}
 h - a potion of lignification {unknown}
 i - a potion of flight {unknown}
 j - a potion of curing {unknown}
 k - a potion of degeneration {unknown}
 l - a potion of haste {unknown}
Comestibles
 f - 6 rations


   Skills:
 - Level 3.2 Fighting
 + Level 4.3 Axes
 - Level 3.2 Armour
 - Level 3.2 Shields


You had 3 spell levels left.
You didn't know any spells.
Your spell library was empty.

Dungeon Overview and Level Annotations

Branches:
Dungeon (3/15)

Altars:
Ashenzari
Uskayaw


Innate Abilities, Weirdness & Mutations

You are resistant to torment.
Your stone body is resilient. (AC +3)
You are immune to poison.
You resist negative energy. (rN+)
You are resistant to electric shocks. (rElec)
You can survive without breathing.
You are immune to petrification.
You are immune to rotting.


Message History

The orc hits you with a flail.
You slash the orc!
You kill the orc!
An orc comes into view.
You slash the orc!
You kill the orc!
The orc priest invokes the aid of Beogh against you.
Pain shoots through your body!
You hit the orc priest but do no damage.
You block the orc priest's attack.
Your shield and scale mail prevent you from hitting the orc priest.
The orc priest mumbles some strange prayers to Beogh against you.
Pain shoots through your body!
You are too injured to fight recklessly!
You are too injured to fight recklessly!
Unknown command.
You closely miss the orc priest.
The orc priest invokes the aid of Beogh against you.
Beogh smites you!
You die...

.######....#######
.'....)..........#
.#######.#######.#
......)..# #.#
########## #.# .#
#.# .# #.# .# #.#
.# #@# .# #o# .#
#o# .# #.[ .# ###
.# .# .# .#


You could see an orc priest and an orc.

Vanquished Creatures
  3 adders
  A worm (D:2)
  A dart slug (D:3)
  3 leopard geckos
  3 orcs (D:3)
  2 bats
  5 giant cockroaches
  4 goblins
  12 hobgoblins
  3 jackals (D:2)
  A quokka (D:2)
  2 frilled lizards
  5 kobolds
  8 rats
53 creatures vanquished.

Notes
Turn   | Place    | Note
-------+----------+-------------------------------------------
     0 | D:1      | Lew the Gargoyle Fighter began the quest for the Orb.
     0 | D:1      | Reached XP level 1. HP: 14/14 MP: 1/1
    19 | D:1      | Reached skill level 2 in Axes
    65 | D:1      | Reached XP level 2. HP: 16/19 MP: 2/2
   304 | D:1      | Reached skill level 3 in Axes
   358 | D:1      | Reached XP level 3. HP: 23/23 MP: 3/3
  1078 | D:2      | Reached XP level 4. HP: 15/28 MP: 4/4
  1145 | D:2      | Reached skill level 4 in Axes
  1259 | D:2      | Found a shattered altar of Ashenzari.
  1260 | D:2      | Found a hide-covered altar of Uskayaw.
  1539 | D:3      | Killed from afar by an orc priest

Skill      XL: |  1  2  3  4 |
---------------+-------------+-----
Axes           | 2 3 4 |  4.3
Fighting       | |  3.2
Armour         | |  3.2
Shields        | |  3.2

Action                   |  1- 3 |  4- 6 || total
-------------------------+-------+-------++-------
Melee: War axe           |   128 |    52 ||   180
  Eat: Chunk             |       |     2 ||     2
Armor: Scale mail        |    63 |    17 ||    80
Dodge: Dodged            |    43 |     8 ||    51
Block: Shield            |    53 |    33 ||    86
